AoeStats
← EisenEgon

Arabia

510088461Analyzed
1v1 RM · 2d ago on Sep 29, 2026· 37m 23s· 2 players
Game mode
Random Map
Map size
Tiny (2 player)
Population
200
Speed
Normal
Resources
Standard
Victory
Conquest
Starting age
Dark Age
Ending age
Imperial Age
RankedLock teamsTeams togetherTeam positionsShared explorationLock speedFull tech treeHidden civsTurbo modeCheats
Victory
Defeat
🇨🇳 Goths · China
1338
+14
🇩🇪 Tatars · Germany
1300
-14
EisenEgon
6:56 Loom
9:56 Feudal Age
10:54 Double-Bit Axe
15:02 Horse Collar
17:12 Fletching
17:16 Town Watch
24:09 Castle Age
22:11 Horse Collar
23:19 Bloodlines
23:15 Scale Barding Armor
23:50 Forging
24:03 Gold Mining
25:03 Bow Saw
29:03 Husbandry
31:15 Chain Barding Armor
32:23 Iron Casting
34:21 Devotion
36:15 Wheelbarrow
35:37 Bodkin Arrow
35:04 Light Cavalry
1175****64
9:04 Feudal Age
9:34 Loom
10:24 Double-Bit Axe
10:26 Horse Collar
10:20 Man-at-Arms
17:10 Horse Collar
21:03 Castle Age
18:58 Stone Mining
19:10 Horse Collar
19:23 Gold Mining
21:48 Forging
21:41 Scale Mail Armor
22:22 Town Watch
23:13 Wheelbarrow
23:18 Bow Saw
30:06 Sanctity
31:07 Hand Cart
31:27 Devotion
31:48 Squires
31:08 Pikeman
32:30 Squires
32:58 Heavy Plow
35:02 Chain Mail Armor
34:57 Forging
35:06 Chain Mail Armor
38:57 Imperial Age
Connection lost

Rejoining the realm…

Still unreachable

The connection could not be restored.

Session expired

The server has moved on; the page needs a fresh start.